 Dungeon Crawl Stone Soup version 0.22.0-49-gab54619674 (webtiles) character file.

177 JedernureinKreuz the Conjurer (level 5, -1/37 HPs)
             Began as a Gnoll Conjurer on Sept 8, 2018.
             Killed from afar by Riddle's ghost (3 damage)
             ... with a magic dart
             ... on level 3 of the Dungeon.
             The game lasted 00:13:20 (2721 turns).

JedernureinKreuz the Conjurer (Gnoll Conjurer)      Turns: 2721, Time: 00:13:21

Health: -1/37      AC:  3    Str: 10    XL:     5   Next: 57%
Magic:  3/12       EV: 14    Int: 18    God:
Gold:   175        SH:  0    Dex: 16    Spells: 6/14 levels left

rFire    . . .     SeeInvis .   a - +0 dagger
rCold    . . .     Gourm    .   (no shield)
rNeg     . . .     Faith    .   p - +0 leather armour
rPois    .         Spirit   .   (no helmet)
rElec    .         Reflect  .   (no cloak)
rCorr    .         Harm     .   (no gloves)
MR       .....                  (no boots)
Stlth    +++.......             (no amulet)
HPRegen  0.12/turn              (no ring)
MPRegen  0.13/turn              (no ring)

@: slowed, very slow
A: distributed training, fangs 1, strong nose
a: no special abilities


You were on level 3 of the Dungeon.
You were hungry.

You visited 1 branch of the dungeon, and saw 3 of its levels.

You collected 175 gold pieces.

Inventory:

Hand Weapons
 a - a +0 dagger (weapon)
 b - a +0 hunting sling
 m - a +0 mace
Missiles
 f - 51 stones (quivered)
 i - 42 sling bullets
 s - 61 arrows
 w - 5 needles of sleeping
Armour
 h - a cursed +0 scale mail
 l - a +0 robe
 p - a +0 leather armour (worn)
Wands
 y - a wand of digging (15)
Scrolls
 e - a scroll of identify {unknown}
 j - 5 scrolls of remove curse {unknown}
 k - 3 scrolls of enchant armour {unknown}
 q - a scroll of random uselessness {unknown}
 r - a scroll of blinking {unknown}
 u - a scroll of fear {unknown}
 x - a scroll of amnesia {unknown}
 B - a scroll of immolation {unknown}
Potions
 d - 4 potions of curing {unknown}
 g - a potion of flight {unknown}
 n - a potion of mutation {unknown}
 o - a potion of haste {unknown}
 t - a potion of resistance {unknown}
 v - a potion of heal wounds
 A - a potion of degeneration {unknown}
Comestibles
 c - 6 rations


   Skills:
 + Level 1.5 Fighting
 + Level 1.5 Short Blades
 + Level 1.5 Long Blades
 + Level 1.5 Axes
 + Level 1.5 Maces & Flails
 + Level 1.5 Polearms
 + Level 1.5 Staves
 + Level 1.5 Slings
 + Level 1.5 Bows
 + Level 1.5 Crossbows
 + Level 1.5 Throwing
 + Level 1.5 Armour
 + Level 4.8 Dodging
 + Level 4.4 Stealth
 + Level 1.5 Shields
 + Level 1.5 Unarmed Combat
 + Level 5.2 Spellcasting
 + Level 7.2 Conjurations
 + Level 1.2 Hexes
 + Level 1.2 Charms
 + Level 1.2 Summonings
 + Level 1.2 Necromancy
 + Level 1.2 Translocations
 + Level 1.2 Transmutations
 + Level 1.2 Fire Magic
 + Level 1.2 Ice Magic
 + Level 1.2 Air Magic
 + Level 1.2 Earth Magic
 + Level 1.2 Poison Magic
 + Level 1.7 Invocations
 + Level 1.5 Evocations


You had 6 spell levels left.
You knew the following spells:

 Your Spells              Type           Power        Failure   Level  Hunger
a - Magic Dart            Conj           ####         1%          1    None
b - Iskenderun's Mystic   Conj           ####....     9%          4    ####...
c - Dazzling Spray        Conj/Hex       ###...       9%          3    ##.....

Your spell library contained the following spells:

 Spells                   Type           Power        Failure   Level  Hunger
 Searing Ray              Conj           ####..       1%          2    #......
 Force Lance              Conj/Tloc      ###.....     30%         4    ####...
 Fulminant Prism          Conj/Hex       ###.......   30%         4    ####...


Dungeon Overview and Level Annotations

Branches:
Dungeon (3/15)

Altars:
Gozag

Annotations:
D:3 Riddle's ghost, amateur GnWz


Innate Abilities, Weirdness & Mutations

Your experience applies equally to all skills.
You have very sharp teeth.
Your uncanny sense of smell can sniff out nearby items.


Message History

Aim: a hound zombie (heavily damaged)
The orb of energy hits the hound zombie.
You destroy the hound zombie!
The orb of energy explodes!
The adder zombie barely misses you.
You feel yourself speed up.
You are feeling hungry.
Riddle's ghost lets out a mournful wail.
Riddle's ghost casts a spell.
Riddle's ghost blinks!
Riddle's ghost hits you.
* * * LOW HITPOINT WARNING * * *
Riddle's ghost gestures at you while chanting.
The magic dart hits you!
* * * LOW HITPOINT WARNING * * *
Riddle's ghost frowns in concentration.
Riddle's ghost casts a spell at you.
You feel yourself slow down. Riddle's ghost casts a spell at you.
The magic dart hits you!
You die...

#####.###..################
##.###.........W......##
#........############.##
#.......## #.##
####.......#### ##.##
#.............# #...#
#.##.......##.# #.#.#
#.##.......##.# ####.#.#
#.##......@##.# ####....#..
#.###.##.#.##.# #...Z######
#.###.##.#.##.# #Z##....#..
#.##...(...##.#
#ยง#####.#.#
#.........W...# #.# #.#.#
#.#.......Z######.#####...#
#.#....)..........[..>.....
#.#.........Z.....######...
#.#.....#######.########...


You could see Riddle's ghost and an adder zombie.

Vanquished Creatures
  Jessica (D:3)
  Natasha (D:2)
  A hound zombie (D:3)
  An adder (D:2)
  An ooze (D:1)
  4 worms
  2 dart slugs (D:1)
  6 leopard geckos
  5 orcs (D:3)
  9 goblins
  11 hobgoblins
  5 kobolds
  A quokka (D:3)
  2 ball pythons
  9 bats
  3 frilled lizards
  12 rats (D:1)
74 creatures vanquished.

Notes
Turn   | Place    | Note
-------+----------+-------------------------------------------
     0 | D:1      | JedernureinKreuz the Gnoll Conjurer began the quest for the
                  | Orb.
     0 | D:1      | Reached XP level 1. HP: 13/13 MP: 6/6
    19 | D:1      | Reached XP level 2. HP: 19/19 MP: 0/7
   320 | D:1      | Reached XP level 3. HP: 12/25 MP: 9/9
   375 | D:1      | Reached skill level 5 in Spellcasting
   529 | D:1      | Reached skill level 1 in Invocations
  1078 | D:2      | Reached skill level 1 in Fighting
  1078 | D:2      | Reached skill level 1 in Short Blades
  1078 | D:2      | Reached skill level 1 in Long Blades
  1078 | D:2      | Reached skill level 1 in Axes
  1078 | D:2      | Reached skill level 1 in Maces & Flails
  1078 | D:2      | Reached skill level 1 in Polearms
  1078 | D:2      | Reached skill level 1 in Staves
  1078 | D:2      | Reached skill level 1 in Slings
  1078 | D:2      | Reached skill level 1 in Bows
  1078 | D:2      | Reached skill level 1 in Crossbows
  1078 | D:2      | Reached skill level 1 in Throwing
  1078 | D:2      | Reached skill level 1 in Armour
  1078 | D:2      | Reached skill level 1 in Shields
  1078 | D:2      | Reached skill level 1 in Unarmed Combat
  1078 | D:2      | Reached skill level 1 in Evocations
  1082 | D:2      | Reached XP level 4. HP: 32/32 MP: 11/11
  1113 | D:2      | Found an opulent altar of Gozag.
  1365 | D:2      | Noticed Natasha
  1787 | D:2      | Killed Natasha
  1787 | D:2      | Reached skill level 1 in Hexes
  1787 | D:2      | Reached skill level 1 in Charms
  1787 | D:2      | Reached skill level 1 in Summonings
  1787 | D:2      | Reached skill level 1 in Necromancy
  1787 | D:2      | Reached skill level 1 in Translocations
  1787 | D:2      | Reached skill level 1 in Transmutations
  1787 | D:2      | Reached skill level 1 in Fire Magic
  1787 | D:2      | Reached skill level 1 in Ice Magic
  1787 | D:2      | Reached skill level 1 in Air Magic
  1787 | D:2      | Reached skill level 1 in Earth Magic
  1787 | D:2      | Reached skill level 1 in Poison Magic
  2047 | D:3      | Found a faded altar of an unknown god.
  2058 | D:3      | Reached XP level 5. HP: 37/37 MP: 12/12
  2124 | D:3      | Noticed Jessica
  2128 | D:3      | Killed Jessica
  2231 | D:3      | Found a runed gate.
  2232 | D:3      | Found a runed gate.
  2237 | D:3      | Found a runed gate.
  2237 | D:3      | Noticed Riddle's ghost (amateur GnWz)
  2261 | D:3      | Learned a level 4 spell: Iskenderun's Mystic Blast
  2265 | D:3      | Learned a level 3 spell: Dazzling Spray
  2714 | D:3      | HP: 1/37 [Riddle's ghost/magic dart (6)]
  2721 | D:3      | Killed from afar by Riddle's ghost

Skill      XL: |  1  2  3  4 |
---------------+-------------+-----
Spellcasting   | 5 |  5.2
Invocations    | 1 |  1.7
Fighting       | 1 |  1.5
Short Blades   | 1 |  1.5
Long Blades    | 1 |  1.5
Axes           | 1 |  1.5
Maces & Flails | 1 |  1.5
Polearms       | 1 |  1.5
Staves         | 1 |  1.5
Slings         | 1 |  1.5
Bows           | 1 |  1.5
Crossbows      | 1 |  1.5
Throwing       | 1 |  1.5
Armour         | 1 |  1.5
Shields        | 1 |  1.5
Unarmed Combat | 1 |  1.5
Evocations     | 1 |  1.5
Hexes          | 1 |  1.2
Charms         | 1 |  1.2
Summonings     | 1 |  1.2
Necromancy     | 1 |  1.2
Translocations | 1 |  1.2
Transmutations | 1 |  1.2
Fire Magic     | 1 |  1.2
Ice Magic      | 1 |  1.2
Air Magic      | 1 |  1.2
Earth Magic    | 1 |  1.2
Poison Magic   | 1 |  1.2
Dodging        | |  4.8
Stealth        | |  4.4
Conjurations   | |  7.2

Action                   |  1- 3 |  4- 6 || total
-------------------------+-------+-------++-------
Melee: Dagger            |    19 |    65 ||    84
       Mace              |     4 |       ||     4
       Bite              |     2 |     7 ||     9
 Fire: Hunting sling     |    56 |    40 ||    96
Throw: Stone             |     4 |       ||     4
 Cast: Magic Dart        |    18 |    27 ||    45
       Dazzling Spray    |       |     4 ||     4
       Iskenderun's Myst |       |     1 ||     1
 Stab: Sleeping          |     3 |     3 ||     6
  Eat: Chunk             |       |     2 ||     2
       Ration            |       |     1 ||     1
Armor: Robe              |    10 |       ||    10
       Leather armour    |       |    13 ||    13
Dodge: Dodged            |    37 |    72 ||   109
